SAA
PHOENIX HOTSPUR YOUTH @ IRVING BLUE SOX
06/05/2027
 
TOP OF THE 1ST
Phoenix Hotspur Youth batting - Pitching for Irving Blue Sox : RHP Bob Browning
Pitching: RHP Bob Browning
Batting: RHB Pierre Bernard 0-0: Fly out, F7 (Line Drive, 78M)
Batting: RHB David Rivas 0-0: Ball
1-0: Swinging Strike
1-1: Swinging Strike
1-2: Strikes out swinging
Batting: LHB Roberto Fierro 0-0: Ball
1-0: Called Strike
1-1: Foul Ball, location: 2F
1-2: Foul Ball, location: 2F
1-2: Fly out, F7 (Flyball, 7LS)
Top of the 1st over - 0 run(s), 0 hit(s), 0 error(s), 0 left on base; Phoenix Hotspur 0 - Irving 0
BOTTOM OF THE 1ST
Irving Blue Sox batting - Pitching for Phoenix Hotspur Youth : RHP Millard Dalton
Pitching: RHP Millard Dalton
Batting: RHB Tyrell Wellick 0-0: Ball
1-0: Foul Ball, location: 2F
1-1: Ball
2-1: Ball
3-1: Ground out 6-3 (Groundball, 6)
Batting: LHB José Zarate 0-0: Ball
1-0: Ball
2-0: Ball
3-0: Called Strike
3-1: Foul Ball, location: 2F
3-2: Fly out, F7 (Flyball, 7LMF)
Batting: RHB Theron Hammond 0-0: Called Strike
0-1: Swinging Strike
0-2: Ball
1-2: Ball
2-2: Strikes out swinging
Bottom of the 1st over - 0 run(s), 0 hit(s), 0 error(s), 0 left on base; Phoenix Hotspur 0 - Irving 0
TOP OF THE 2ND
Phoenix Hotspur Youth batting - Pitching for Irving Blue Sox : RHP Bob Browning
Batting: RHB Takashi Miike 0-0: Ball
1-0: Fly out, F7 (Flyball, 7)
Batting: RHB Rubén Andrada 0-0: SINGLE (Flyball, 9LS)
Batting: RHB Ed Sharp 0-0: Called Strike
0-1: Foul Ball, location: 2F
0-2: Ball
1-2: Foul Ball, location: 2F
1-2: Foul Ball, location: 2F
1-2: Foul Ball, location: 2F
1-2: Ball
2-2: Ground out 5-3 (Groundball, 56S)
Rubén Andrada to second
Batting: RHB Juan Rivera 0-0: Called Strike
0-1: Ball
1-1: Foul Ball, location: 2F
1-2: Strikes out swinging
Top of the 2nd over - 0 run(s), 1 hit(s), 0 error(s), 1 left on base; Phoenix Hotspur 0 - Irving 0
BOTTOM OF THE 2ND
Irving Blue Sox batting - Pitching for Phoenix Hotspur Youth : RHP Millard Dalton
Batting: SHB Jim Unknown 0-0: Foul Ball, location: 2F
0-1: Called Strike
0-2: Ground out 3-1 (Groundball, 34)
Batting: LHB Ricardo Ríos 0-0: Ball
1-0: Ground out U3 (Groundball, 34)
Batting: RHB Carlos De Jesús 0-0: SINGLE (Groundball, 56D)
Batting: RHB Christovão Galho 0-0: Ground out 4-3 (Groundball, 34)
Bottom of the 2nd over - 0 run(s), 1 hit(s), 0 error(s), 1 left on base; Phoenix Hotspur 0 - Irving 0
TOP OF THE 3RD
Phoenix Hotspur Youth batting - Pitching for Irving Blue Sox : RHP Bob Browning
Batting: RHB Carl Tucker 0-0: Called Strike
0-1: Swinging Strike
0-2: Ball
1-2: Ball
2-2: Foul Ball, location: 2F
2-2: Strikes out swinging, 2-3 out at first.
Batting: RHB Enrico Sánchez 0-0: Swinging Strike
0-1: Ball
1-1: Called Strike
1-2: Ball
2-2: Ball
3-2: Strikes out swinging
Batting: RHB Pierre Bernard 0-0: Foul Ball, location: 2F
0-1: Ball
1-1: Ball
2-1: SINGLE (Groundball, 56D)
Batting: RHB David Rivas 0-0: Ball
Throwing error on steal attempt, E2
Pierre Bernard to third
1-0: Called Strike
1-1: Ground out 5-3 (Groundball, 56)
Top of the 3rd over - 0 run(s), 1 hit(s), 1 error(s), 1 left on base; Phoenix Hotspur 0 - Irving 0
BOTTOM OF THE 3RD
Irving Blue Sox batting - Pitching for Phoenix Hotspur Youth : RHP Millard Dalton
Batting: SHB Lúcio Gonzáles 0-0: Called Strike
0-1: Ball
1-1: Ball
2-1: Ball
3-1: Foul Ball, location: 2F
3-2: Base on Balls
Batting: RHB Carlos Ramírez 0-0: Ball
1-0: Ball
2-0: Ball
3-0: Called Strike
3-1: Foul Ball, location: 2F
3-2: Foul Ball, location: 2F
3-2: Foul Ball, location: 2F
3-2: Base on Balls
Lúcio Gonzáles to second
Batting: RHB Tyrell Wellick 0-0: Called Strike
0-1: Ball
1-1: Ball
2-1: Grounds into double play, 6-4-3 (Groundball, 6)
Lúcio Gonzáles to third
Batting: LHB José Zarate 0-0: Ball
1-0: Ground out 3-1 (Groundball, 34S)
Bottom of the 3rd over - 0 run(s), 0 hit(s), 0 error(s), 1 left on base; Phoenix Hotspur 0 - Irving 0
TOP OF THE 4TH
Phoenix Hotspur Youth batting - Pitching for Irving Blue Sox : RHP Bob Browning
Batting: LHB Roberto Fierro 0-0: Called Strike
0-1: Swinging Strike
0-2: Strikes out looking
Batting: RHB Takashi Miike 0-0: Foul Ball, location: 2F
0-1: Ball
1-1: Swinging Strike
1-2: Ball
2-2: Foul Ball, location: 2F
2-2: Fly out, F8 (Flyball, 8LS)
Batting: RHB Rubén Andrada 0-0: Called Strike
0-1: Ball
1-1: Swinging Strike
1-2: Foul Ball, location: 2F
1-2: Strikes out looking
Top of the 4th over - 0 run(s), 0 hit(s), 0 error(s), 0 left on base; Phoenix Hotspur 0 - Irving 0
BOTTOM OF THE 4TH
Irving Blue Sox batting - Pitching for Phoenix Hotspur Youth : RHP Millard Dalton
Batting: RHB Theron Hammond 0-0: Ball
1-0: Foul Ball, location: 2F
1-1: Ball
2-1: SINGLE (Groundball, 2R) (infield hit)
Batting: SHB Jim Unknown 0-0: Foul Ball, location: 2F
0-1: Fly out, F7 (Flyball, 7S)
Batting: LHB Ricardo Ríos 0-0: Ball
1-0: Called Strike
1-1: Grounds into double play, 4-6-3 (Groundball, 4)
Bottom of the 4th over - 0 run(s), 1 hit(s), 0 error(s), 0 left on base; Phoenix Hotspur 0 - Irving 0
TOP OF THE 5TH
Phoenix Hotspur Youth batting - Pitching for Irving Blue Sox : RHP Bob Browning
Batting: RHB Ed Sharp 0-0: Called Strike
0-1: Foul Ball, location: 2F
0-2: Foul Ball, location: 2F
0-2: Foul Ball, location: 2F
0-2: Strikes out swinging
Batting: RHB Juan Rivera 0-0: Ball
1-0: Fly out, F7 (Flyball, 7S)
Batting: RHB Carl Tucker 0-0: Foul Ball, location: 2F
0-1: Ball
1-1: Foul Ball, location: 2F
1-2: Strikes out swinging
Top of the 5th over - 0 run(s), 0 hit(s), 0 error(s), 0 left on base; Phoenix Hotspur 0 - Irving 0
BOTTOM OF THE 5TH
Irving Blue Sox batting - Pitching for Phoenix Hotspur Youth : RHP Millard Dalton
Batting: RHB Carlos De Jesús 0-0: Called Strike
0-1: Ball
1-1: DOUBLE (Flyball, 89D)
Batting: RHB Christovão Galho 0-0: Ball
1-0: Foul Ball, location: 2F
1-1: Ball
2-1: Ball
3-1: Bunted foul
3-2: Foul Ball, location: 2F
3-2: SINGLE (Line Drive, 8RS)
Carlos De Jesús to third
Batting: SHB Lúcio Gonzáles 0-0: Ball
1-0: Called Strike
1-1: Ball
2-1: Ball
3-1: Called Strike
3-2: Ground out 4-3 (Groundball, 34)
Christovão Galho to second
Batting: RHB Carlos Ramírez 0-0: Swinging Strike
0-1: Foul Ball, location: 2F
0-2: Foul Ball, location: 2F
0-2: Ball
1-2: Fly out, F8 (Flyball, 8LM)
Batting: RHB Tyrell Wellick 0-0: Fly out, F9 (Flyball, 89M)
Bottom of the 5th over - 0 run(s), 2 hit(s), 0 error(s), 2 left on base; Phoenix Hotspur 0 - Irving 0
TOP OF THE 6TH
Phoenix Hotspur Youth batting - Pitching for Irving Blue Sox : RHP Bob Browning
Batting: RHB Enrico Sánchez 0-0: Called Strike
0-1: SOLO HOME RUN (Flyball, 7D), Distance : 391 ft
Batting: RHB Pierre Bernard 0-0: Ball
1-0: Swinging Strike
1-1: Called Strike
1-2: Ball
2-2: Strikes out swinging
Batting: RHB David Rivas 0-0: Ground out 4-3 (Groundball, 4)
Batting: LHB Roberto Fierro 0-0: Called Strike
0-1: Ball
1-1: Foul Ball, location: 2F
1-2: Strikes out swinging, 2-3 out at first.
Top of the 6th over - 1 run(s), 1 hit(s), 0 error(s), 0 left on base; Phoenix Hotspur 1 - Irving 0
BOTTOM OF THE 6TH
Irving Blue Sox batting - Pitching for Phoenix Hotspur Youth : RHP Millard Dalton
Batting: LHB José Zarate 0-0: Called Strike
0-1: Fly out, F9 (Flyball, 9)
Batting: RHB Theron Hammond 0-0: Hit by Pitch
Batting: SHB Jim Unknown 0-0: Grounds into double play, 6-4-3 (Groundball, 6)
Bottom of the 6th over - 0 run(s), 0 hit(s), 0 error(s), 0 left on base; Phoenix Hotspur 1 - Irving 0
TOP OF THE 7TH
Phoenix Hotspur Youth batting - Pitching for Irving Blue Sox : RHP Bob Browning
Batting: RHB Takashi Miike 0-0: Foul Ball, location: 2F
0-1: Fly out, F3 (Flyball, 3DF)
Batting: RHB Rubén Andrada 0-0: Ball
1-0: Foul Ball, location: 2F
1-1: Ball
2-1: Fly out, F9 (Flyball, 9LD)
Batting: RHB Ed Sharp 0-0: Ball
1-0: Ball
2-0: Called Strike
2-1: Foul Ball, location: 2F
2-2: Foul Ball, location: 2F
2-2: Ball
3-2: Ground out 3-1 (Groundball, 34)
Top of the 7th over - 0 run(s), 0 hit(s), 0 error(s), 0 left on base; Phoenix Hotspur 1 - Irving 0
BOTTOM OF THE 7TH
Irving Blue Sox batting - Pitching for Phoenix Hotspur Youth : RHP Millard Dalton
Batting: LHB Ricardo Ríos 0-0: Called Strike
0-1: Fly out, F3 (Popup, 3S)
Batting: RHB Carlos De Jesús 0-0: Called Strike
0-1: Called Strike
0-2: SINGLE (Line Drive, 56D)
Batting: RHB Christovão Galho 0-0: Called Strike
0-1: Ball
1-1: Swinging Strike
1-2: Ball
2-2: Foul Ball, location: 2F
2-2: Foul Ball, location: 2F
2-2: Ball
3-2: Base on Balls
Carlos De Jesús to second
Batting: SHB Lúcio Gonzáles 0-0: Foul Ball, location: 2F
0-1: Ball
1-1: Fly out, F9 (Flyball, 89S)
Pinch Hitting: RHB Jim Unknown 0-0: Ball
1-0: Foul Ball, location: 2F
1-1: Swinging Strike
1-2: Strikes out swinging
Bottom of the 7th over - 0 run(s), 1 hit(s), 0 error(s), 2 left on base; Phoenix Hotspur 1 - Irving 0
TOP OF THE 8TH
Phoenix Hotspur Youth batting - Pitching for Irving Blue Sox : RHP Bob Browning
Now in LF: Jim Unknown
Batting: RHB Juan Rivera 0-0: Foul Ball, location: 2F
0-1: Foul Ball, location: 2F
0-2: Foul Ball, location: 2F
0-2: Strikes out looking
Batting: RHB Carl Tucker 0-0: Ball
1-0: Swinging Strike
1-1: Ball
2-1: Foul Ball, location: 2F
2-2: Strikes out swinging
Batting: RHB Enrico Sánchez 0-0: Called Strike
0-1: Fly out, F9 (Flyball, 9S)
Top of the 8th over - 0 run(s), 0 hit(s), 0 error(s), 0 left on base; Phoenix Hotspur 1 - Irving 0
BOTTOM OF THE 8TH
Irving Blue Sox batting - Pitching for Phoenix Hotspur Youth : RHP Millard Dalton
Batting: RHB Tyrell Wellick 0-0: Called Strike
0-1: Foul Ball, location: 2F
0-2: Foul Ball, location: 2F
0-2: Foul Ball, location: 2F
0-2: Foul Ball, location: 2F
0-2: Ball
1-2: Fly out, F9 (Flyball, 89S)
Batting: LHB José Zarate 0-0: Ball
1-0: Ball
2-0: Called Strike
2-1: Hit by Pitch
Pinch Runner at 1st Wessel Wemerman:
Batting: RHB Theron Hammond 0-0: Ball
1-0: Ball
2-0: Fly out, F5 (Line Drive, 56)
Batting: SHB Jim Unknown 0-0: Ball
1-0: Ball
2-0: Ball
3-0: Called Strike
3-1: Base on Balls
Wessel Wemerman to second
Pitching: LHP Raúl Gonzáles
Pinch Hitting: RHB Nicholas Manley 0-0: Foul Ball, location: 2F
0-1: Fielders Choice at 2nd, U6 (Groundball, 6M)
Bottom of the 8th over - 0 run(s), 0 hit(s), 0 error(s), 2 left on base; Phoenix Hotspur 1 - Irving 0
TOP OF THE 9TH
Phoenix Hotspur Youth batting - Pitching for Irving Blue Sox : RHP Bob Browning
Pitching: RHP Jon Schultz
Now at 1B: Wessel Wemerman
Now at 2B: Stan Barnes
Batting: RHB Pierre Bernard 0-0: Foul Ball, location: 2F
0-1: Swinging Strike
0-2: Foul Ball, location: 2F
0-2: Foul Ball, location: 2F
0-2: Ball
1-2: Ball
2-2: Strikes out swinging
Batting: RHB David Rivas 0-0: Called Strike
0-1: Called Strike
0-2: Ball
1-2: Foul Ball, location: 2F
1-2: Strikes out swinging
Batting: LHB Roberto Fierro 0-0: Ball
1-0: Swinging Strike
1-1: Called Strike
1-2: Ball
2-2: Ground out U3 (Groundball, 3)
Top of the 9th over - 0 run(s), 0 hit(s), 0 error(s), 0 left on base; Phoenix Hotspur 1 - Irving 0
BOTTOM OF THE 9TH
Irving Blue Sox batting - Pitching for Phoenix Hotspur Youth : LHP Raúl Gonzáles
Pitching: RHP Vernon Turner
Now at 2B: Kenny Scott
Now in LF: Bernardo Rivera
Batting: RHB Carlos De Jesús 0-0: Called Strike
0-1: Foul Ball, location: 2F
0-2: Ball
1-2: DOUBLE (Groundball, 5L)
Batting: RHB Christovão Galho 0-0: Called Strike
0-1: SINGLE (Line Drive, 5L)
Carlos De Jesús to third
Batting: SHB Lúcio Gonzáles 0-0: Foul Ball, location: 2F
0-1: Ball
1-1: Foul Ball, location: 2F
1-2: Ball
2-2: Ball
3-2: Strikes out swinging
Batting: RHB Jim Unknown 0-0: Ball
1-0: Foul Ball, location: 2F
1-1: Ball
2-1: Ball
3-1: Foul Ball, location: 2F
3-2: Fly out, F5 (Line Drive, 6S)
Batting: RHB Tyrell Wellick 0-0: Called Strike
0-1: Ball
1-1: Fly out, F9 (Flyball, 9LS)
Bottom of the 9th over - 0 run(s), 2 hit(s), 0 error(s), 2 left on base; Phoenix Hotspur 1 - Irving 0
Saturday, May 26th, 2018 - OOTP Baseball 17.12 Build 75